 Dungeon Crawl Stone Soup version 0.28-a0-1206-g193881aaa2 (webtiles) character file.

Game seed: 2940970347263166251

64 enile the Chucker (level 4, -1/51 HPs)
             Began as a Gnoll Wanderer on Dec 20, 2021.
             Slain by an adder (3 damage)
             ... on level 2 of the Dungeon.
             The game lasted 00:02:39 (1872 turns).

enile the Chucker (Gnoll Wanderer)                  Turns: 1872, Time: 00:02:40

Health: -1/51      AC:  2    Str: 12    XL:     4   Next: 12%
Magic:  5/5        EV: 11    Int: 12    God:
Gold:   44         SH:  0    Dex: 12    Spells: 5/5 levels left

rFire   . . .      SeeInvis .   j - +0 dagger (venom)
rCold   . . .      Faith    .   (no shield)
rNeg    . . .      Spirit   .   e - +0 robe
rPois   .          Reflect  .   (no helmet)
rElec   .          Harm     .   (no cloak)
rCorr   .          Rampage  .   (no gloves)
Will    .....                   (no boots)
Stlth   ..........              (no amulet)
HPRegen 0.17/turn               (no ring)
MPRegen 0.09/turn               (no ring)

@: berserking (expiring), lethally poisoned (-1 -> -4), slowed
A: fangs 1, strong nose, distributed training
a: no special abilities


You were on level 2 of the Dungeon.
You visited 1 branch of the dungeon, and saw 2 of its levels.

You collected 44 gold pieces.

Inventory:

Hand Weapons
 a - a +0 trident
 b - a +0 falchion
 d - a +0 dagger
 i - a +1 dagger of holy wrath
 j - a +0 dagger of venom (weapon)
Missiles
 c - 7 boomerangs (quivered)
Armour
 e - a +0 robe (worn)
Jewellery
 g - a ring of magical power
Scrolls
 f - a scroll of enchant armour {unknown}
 h - 2 scrolls of noise {unknown}
Potions
 l - a potion of cancellation {unknown}
 m - a potion of attraction {unknown}
 n - a potion of magic {unknown}


   Skills:
 + Level 2.7 Fighting
 + Level 1.0 Short Blades
 + Level 6.6 Long Blades
 + Level 1.0 Axes
 + Level 1.0 Maces & Flails
 + Level 4.6 Polearms
 + Level 1.0 Staves
 + Level 1.0 Slings
 + Level 1.0 Bows
 + Level 1.0 Crossbows
 + Level 6.6 Throwing
 + Level 2.7 Armour
 + Level 1.0 Dodging
 + Level 1.0 Stealth
 + Level 1.0 Shields
 + Level 1.0 Unarmed Combat
 + Level 1.0 Spellcasting
 + Level 0.8 Conjurations
 + Level 0.8 Hexes
 + Level 0.8 Summonings
 + Level 0.8 Necromancy
 + Level 0.8 Translocations
 + Level 0.8 Transmutations
 + Level 0.8 Fire Magic
 + Level 0.8 Ice Magic
 + Level 0.8 Air Magic
 + Level 0.8 Earth Magic
 + Level 0.8 Poison Magic
 + Level 1.1 Invocations
 + Level 1.0 Evocations


You had 5 spell levels left.
You didn't know any spells.
Your spell library contained the following spells:

 Spells                   Type           Power      Damage    Failure   Level
 Gell's Gravitas          Tloc           2%         N/A       54%         3
 Teleport Other           Tloc           2%         N/A       54%         3
 Dispersal                Tloc           1%         N/A       100%        6


Dungeon Overview and Level Annotations

Branches:
Dungeon (2/15)

Altars:


Innate Abilities, Weirdness & Mutations

You have very sharp teeth.
Your uncanny sense of smell can sniff out nearby items.
Your experience applies equally to all skills.


Message History

Natasha is almost dead.
The crimson imp blinks!
The iron imp hits you.
* * * LOW HITPOINT WARNING * * *
Natasha mumbles some strange words.
You closely miss Natasha.
Natasha is almost dead.
The iron imp hits you.
* * * LOW HITPOINT WARNING * * *
Unknown command.
You are too berserk!
Sorry, you're not good enough to have a special ability.
You hit Natasha.
You kill Natasha!
Natasha yowls pathetically as she dies!
The iron imp disappears in a puff of smoke!
The crimson imp disappears in a puff of smoke! x2
Your Short Blades skill increases to level 1!
Your Axes skill increases to level 1!
Your Maces & Flails skill increases to level 1!
Your Staves skill increases to level 1!
Your Slings skill increases to level 1!
Your Bows skill increases to level 1!
Your Crossbows skill increases to level 1!
Your Dodging skill increases to level 1!
Your Stealth skill increases to level 1!
Your Shields skill increases to level 1!
Your Unarmed Combat skill increases to level 1!
Your Spellcasting skill increases to level 1!
Your Evocations skill increases to level 1!
You have reached level 4!
You feel clever.
You barely miss the adder. The adder bites you.
* * * LOW HITPOINT WARNING * * *
You are lethally poisoned!
The adder poisons you!
Unknown command.
You puncture the adder!
The adder is severely wounded.
* * * LOW HITPOINT WARNING * * *
You feel sick. The adder bites you.
You die...

#.# ####.# .....#
###..#
#..#############
###..............#
.......#########.#
###...## #.#
.....## #@# ####.#
#S# #.# #.# #+#
#§# §.. #.# .:#
.##


You could see an adder.

Vanquished Creatures
  Natasha (D:2)
  An adder (D:2)
  2 dart slugs (D:1)
  2 bats (D:1)
  4 endoplasms (D:1)
  A giant cockroach (D:1)
  8 goblins
  3 ball pythons (D:1)
  3 frilled lizards (D:1)
  2 kobolds
  2 rats (D:1)
29 creatures vanquished.

Notes
Turn   | Place    | Note
-------+----------+-------------------------------------------
     0 | D:1      | enile the Gnoll Wanderer began the quest for the Orb.
     0 | D:1      | enile set off with the following items: a +0 trident, a +0
                  | falchion, 7 boomerangs, a +0 dagger, a +0 robe
     0 | D:1      | Reached XP level 1. HP: 17/17 MP: 1/1
   554 | D:1      | Reached XP level 2. HP: 17/23 MP: 2/2
  1327 | D:1      | Reached XP level 3. HP: 28/28 MP: 3/3
  1706 | D:2      | Reached skill level 1 in Invocations
  1858 | D:2      | Noticed Natasha
  1870 | D:2      | Killed Natasha
  1871 | D:2      | Reached skill level 1 in Short Blades
  1871 | D:2      | Reached skill level 1 in Axes
  1871 | D:2      | Reached skill level 1 in Maces & Flails
  1871 | D:2      | Reached skill level 1 in Staves
  1871 | D:2      | Reached skill level 1 in Slings
  1871 | D:2      | Reached skill level 1 in Bows
  1871 | D:2      | Reached skill level 1 in Crossbows
  1871 | D:2      | Reached skill level 1 in Dodging
  1871 | D:2      | Reached skill level 1 in Stealth
  1871 | D:2      | Reached skill level 1 in Shields
  1871 | D:2      | Reached skill level 1 in Unarmed Combat
  1871 | D:2      | Reached skill level 1 in Spellcasting
  1871 | D:2      | Reached skill level 1 in Evocations
  1871 | D:2      | Reached XP level 4. HP: 6/34 MP: 5/5
  1872 | D:2      | HP: 2/51 [poisoned by an adder]
  1872 | D:2      | Slain by an adder

Illustrated notes

Levels and vault maps discovered:
D:1:      dpeg_arrival_orchard, layout_basic
D:2:      layout_loops_corners, uniq_crazy_yiuf_cottage, uniq_robin,
          uniq_natasha

Skill      XL: |  1  2  3 |
---------------+----------+-----
Invocations    | 1 |  1.1
Short Blades   | 1 |  1.0
Axes           | 1 |  1.0
Maces & Flails | 1 |  1.0
Staves         | 1 |  1.0
Slings         | 1 |  1.0
Bows           | 1 |  1.0
Crossbows      | 1 |  1.0
Dodging        | 1 |  1.0
Stealth        | 1 |  1.0
Shields        | 1 |  1.0
Unarmed Combat | 1 |  1.0
Spellcasting   | 1 |  1.0
Evocations     | 1 |  1.0
Fighting       | |  2.7
Long Blades    | |  6.6
Polearms       | |  4.6
Throwing       | |  6.6
Armour         | |  2.7
Conjurations   | |  0.8
Hexes          | |  0.8
Summonings     | |  0.8
Necromancy     | |  0.8
Translocations | |  0.8
Transmutations | |  0.8
Fire Magic     | |  0.8
Ice Magic      | |  0.8
Air Magic      | |  0.8
Earth Magic    | |  0.8
Poison Magic   | |  0.8

Action                   |  1- 3 |  4- 6 || total
-------------------------+-------+-------++-------
Melee: Trident           |    13 |       ||    13
       Dagger            |    64 |     2 ||    66
       Bite              |     6 |       ||     6
Throw: Boomerang         |     3 |       ||     3
  Use: Potion            |     2 |       ||     2
 Stab: Sleeping          |     2 |       ||     2
Armor: Robe              |    18 |       ||    18
Dodge: Dodged            |    44 |       ||    44

Table legend: (Time is in decaauts)
 A = Elapsed time spent in this place.
 B = Non-inter-level travel time spent in this place.
 C = Inter-level travel time spent in this place.
 D = Time resting spent in this place.
 E = Time spent auto-exploring this place.
 F = Levels seen in this place.
 G = Mean time per level.
                   A        B        C        D        E       F      G
               +--------+--------+--------+--------+--------+-----+--------+
         Total |   1872 |   1831 |     41 |      0 |   1633 |   2 |  936.0 |
       Dungeon |   1872 |   1831 |     41 |      0 |   1633 |   2 |  936.0 |
               +--------+--------+--------+--------+--------+-----+--------+

Top non-repeatable levels by time:
     D:1: 1701 daAuts
     D:2: 170 daAuts
